 Dungeon Crawl Stone Soup version 0.23.2-11-gf996548c65 (webtiles) character file.

Game seed: 10244944982870326319

228401 Revguard the Severer (level 18, -15/178 HPs)
             Began as a Hill Orc Fighter on June 3, 2019.
             Was the Champion of Beogh.
             Demolished by an acid blob (22 damage)
             ... on level 2 of the Pits of Slime on June 4, 2019.
             The game lasted 03:23:23 (33334 turns).

Revguard the Severer (Hill Orc Fighter)            Turns: 33334, Time: 03:23:25

Health: -15/178    AC: 13    Str: 30 (31) XL:     18   Next: 95%
Magic:  23/30      EV: 10    Int:  3      God:    Beogh [******]
Gold:   1797       SH: 16    Dex: 20      Spells: 17/17 levels left

rFire    x . .     SeeInvis +   E - +4 war axe (vamp)
rCold    + + +     Gourm    .   c - +0 shield
rNeg     + + +     Faith    .   S - +4 plate armour of Absence {rPois MR++ Regen+ Dex-4}
rPois    +         Spirit   .   e - +0 helmet
rElec    .         Reflect  .   m - +2 cloak
rCorr    .         Harm     .   V - +0 pair of gloves {Str+3}
MR       ++++.     Rnd*Rage +   a - +1 pair of boots "Poowahuo" {*Slow +Inv rC+ Dex+3}
Stlth    ..........             M - amulet "Cyle" {rC+ Regen+ Dex+7}
HPRegen  1.19/turn              J - ring "Asouxih" {+Blink rF- Str+5 Int+2 SInv}
MPRegen  0.22/turn              w - ring of Zikhliakk {*Slow rN+++ MR+ Int-5 Stlth+}

@: corroded, slowed, very slow
A: walk on water, iridescent scales 1, yellow scales 1, berserk 1, cold
resistance 1, deterioration 1, dopey 1, robust 1, subdued magic 2, MP-powered
wands
}: 2/15 runes: barnacled, gossamer
a: Smiting, Recall Orcish Followers, Give Item to Named Follower, Resurrection,
Renounce Religion, Evoke Blink, Evoke Invisibility


You were on level 2 of the Pits of Slime.
You worshipped Beogh.
Beogh was exalted by your worship.
You were not hungry.

You visited 7 branches of the dungeon, and saw 34 of its levels.
You also visited: Ossuary, Gauntlet and Ice Cave.

You collected 3858 gold pieces.
You spent 2061 gold pieces at shops.

Inventory:

Hand Weapons
 r - a +4 scimitar of flaming
 u - the +8 battleaxe "Giant's Doom" {antimagic, *Slow rElec Int+6}
   (You acquired it in a Gauntlet)

   It reduces the magical energy of the wielder, and disrupts the spells and
   magical abilities of those hit.
   Natural abilities and divine invocations are not affected.
   It affects your intelligence (+6).
   It insulates you from electricity.
   It may slow you when you take damage.
 E - a +4 vampiric war axe (weapon)
 Q - a +3 great sword of holy wrath
Armour
 a - the +1 pair of boots "Poowahuo" (worn) {*Slow +Inv rC+ Dex+3}
   (You found it on level 11 of the Dungeon)

   It affects your dexterity (+3).
   It protects you from cold.
   It lets you turn invisible.
   It may slow you when you take damage.
 c - a +0 shield (worn)
 e - a +0 helmet (worn)
 m - a +2 cloak (worn)
 S - the +4 plate armour of Absence (worn) {rPois MR++ Regen+ Dex-4}
   (You found it on level 5 of the Lair of Beasts)

   It affects your dexterity (-4).
   It protects you from poison.
   It affects your resistance to hostile enchantments.
   It increases your rate of regeneration.
 V - a +0 pair of gloves of strength (worn)
 W - +3 fire dragon scales
Jewellery
 p - an uncursed ring of protection from cold
 w - the ring of Zikhliakk (right hand) {*Slow rN+++ MR+ Int-5 Stlth+}
   (You found it on level 4 of the Shoals)

   [ring of stealth]

   It affects your intelligence (-5).
   It renders you almost immune to negative energy.
   It affects your resistance to hostile enchantments.
   It may slow you when you take damage.
   It makes you more stealthy.
 y - an uncursed ring of stealth
 J - the ring "Asouxih" (left hand) {+Blink rF- Str+5 Int+2 SInv}
   (You found it on level 9 of the Dungeon)

   [ring of see invisible]

   It affects your strength (+5).
   It affects your intelligence (+2).
   It makes you vulnerable to fire.
   It lets you see invisible.
   It lets you blink.
 M - the amulet "Cyle" (around neck) {rC+ Regen+ Dex+7}
   (You bought it in a shop on level 4 of the Shoals)

   [amulet of regeneration]

   It affects your dexterity (+7).
   It protects you from cold.
   It increases your rate of regeneration.
Wands
 k - a wand of acid (15)
 n - a wand of disintegration (31)
 o - a wand of digging (11)
 C - a wand of random effects (47)
 G - a wand of enslavement (4)
 L - a wand of paralysis (19)
 O - a wand of flame (57)
 U - a wand of iceblast (16)
Scrolls
 h - 6 scrolls of magic mapping
 i - 21 scrolls of teleportation
 l - a scroll of amnesia
 q - 11 scrolls of remove curse
 s - a scroll of torment
 B - 5 scrolls of fear
 D - 2 scrolls of blinking
 F - 7 scrolls of fog
 N - 4 scrolls of summoning
 X - 2 scrolls of identify
Potions
 b - 8 potions of flight
 d - 2 potions of might
 g - 7 potions of brilliance
 j - 3 potions of agility
 t - 4 potions of mutation
 v - 8 potions of haste
 x - a potion of berserk rage
 z - 5 potions of cancellation
 A - 4 potions of resistance
 H - a potion of heal wounds
 K - 3 potions of lignification
 P - a potion of magic
 R - 10 potions of curing
Comestibles
 f - 43 rations


   Skills:
 + Level 14.9 Fighting
 + Level 18.8 Axes
 + Level 13.0 Armour
 + Level 3.4 Dodging
 + Level 16.3 Shields
 * Level 17.0 Invocations
 * Level 13.8 Evocations


You had 17 spell levels left.
You didn't know any spells.
Your spell library contained the following spells:

 Spells                   Type           Power        Failure   Level  Hunger
 Apportation              Tloc           #.....       97%         1    ##.....
 Beastly Appendage        Tmut           #.....       97%         1    ##.....
 Confusing Touch          Hex            #.....       97%         1    ##.....
 Corona                   Hex            #......      97%         1    ##.....
 Flame Tongue             Conj/Fire      #....        97%         1    ##.....
 Freeze                   Ice            #...         97%         1    ##.....
 Magic Dart               Conj           #...         97%         1    ##.....
 Summon Butterflies       Summ           #.......     97%         1    ##.....
 Blink                    Tloc           N/A          99%         2    ###....
 Call Imp                 Summ           #.......     99%         2    ###....
 Corpse Rot               Necr           N/A          99%         2    ###....
 Ensorcelled Hibernation  Hex/Ice        #.....       99%         2    ###....
 Slow                     Hex            #.......     99%         2    ###....
 Sticks to Snakes         Tmut           #.......     99%         2    ###....
 Throw Flame              Conj/Fire      #.....       99%         2    ###....
 Throw Frost              Conj/Ice       #.....       99%         2    ###....
 Confuse                  Hex            #.......     100%        3    ####...
 Conjure Flame            Conj/Fire      #.......     100%        3    ####...
 Dazzling Spray           Conj/Hex       #.....       100%        3    ####...
 Gell's Gravitas          Tloc           #.........   100%        3    ####...
 Inner Flame              Hex/Fire       #.......     100%        3    ####...
 Lesser Beckoning         Tloc           #.........   100%        3    ####...
 Mephitic Cloud           Conj/Pois/Air  #.......     100%        3    ####...
 Ozocubu's Armour         Chrm/Ice       #.......     100%        3    ####...
 Spider Form              Tmut/Pois      #.........   100%        3    ####...
 Stone Arrow              Conj/Erth      #.....       100%        3    ####...
 Tukima's Dance           Hex            #.......     100%        3    ####...
 Ice Form                 Ice/Tmut       #.......     100%        4    #####..
 Leda's Liquefaction      Hex/Erth       #.........   100%        4    #####..
 Petrify                  Tmut/Erth      #.......     100%        4    #####..
 Sticky Flame             Conj/Fire      #.......     100%        4    #####..
 Summon Ice Beast         Ice/Summ       #.......     100%        4    #####..
 Throw Icicle             Conj/Ice       #.......     100%        4    #####..
 Alistair's Intoxication  Tmut/Pois      #.......     100%        5    ######.
 Blade Hands              Tmut           #.........   100%        5    ######.
 Bolt of Magma            Conj/Fire/Erth #.........   100%        5    ######.
 Fireball                 Conj/Fire      #.........   100%        5    ######.
 Iskenderun's Battlesphe  Conj/Chrm      #.......     100%        5    ######.
 Metabolic Englaciation   Hex/Ice        #.........   100%        5    ######.
 Summon Forest            Summ/Tloc      #.........   100%        5    ######.
 Venom Bolt               Conj/Pois      #.........   100%        5    ######.
 Yara's Violent Unravell  Hex/Tmut       #.........   100%        5    ######.
 Bolt of Cold             Conj/Ice       #.........   100%        6    #######
 Freezing Cloud           Conj/Ice/Air   #.........   100%        6    #######
 Hydra Form               Tmut           #.........   100%        6    #######
 Invisibility             Hex            #.......     100%        6    #######
 Iron Shot                Conj/Erth      #.........   100%        6    #######
 Ozocubu's Refrigeration  Ice            #.........   100%        6    #######
 Poison Arrow             Conj/Pois      #.........   100%        6    #######
 Simulacrum               Ice/Necr       #.........   100%        6    #######
 Orb of Destruction       Conj           #.........   100%        7    #######
 Spellforged Servitor     Conj/Summ      #.........   100%        7    #######
 Summon Hydra             Summ           #.........   100%        7    #######
 Chain Lightning          Conj/Air       #.........   100%        8    #######
 Lehudib's Crystal Spear  Conj/Erth      #.........   100%        8    #######
 Fire Storm               Conj/Fire      #.........   100%        9    #######
 Glaciate                 Conj/Ice       #.........   100%        9    #######


Dungeon Overview and Level Annotations

Branches:
Dungeon (15/15)            Temple (1/1) D:5            Lair (6/6) D:11
 Shoals (4/4) Lair:4       Spider (4/4) Lair:2        Slime (2/5) Lair:5
    Orc (2/2) D:12            Elf (0/3) Orc:2        Vaults (0/5) D:14
 Depths (0/5) D:15

Altars:
Ashenzari
Cheibriados
Dithmenos
Elyvilon
Fedhas
Gozag
Hepliaklqana
Kikubaaqudgha
Makhleb
Nemelex Xobeh
Okawaru
Qazlal
Ru
Sif Muna
Trog
Uskayaw
Vehumet
Wu Jian
Xom
Yredelemnul
Zin
The Shining One
Jiyva

Shops:
D:5 *   D:6 *   D:7 }   D:8 *   D:10 !=   D:14 (   Orc:2 (}!!   Shoals:4 =

Portals:
Pandemonium: Orc:2
Trove: D:12 (give +4 fire dragon scales)


Innate Abilities, Weirdness & Mutations

You can walk on water.
You are partially covered in iridescent scales. (AC +2)
You are partially covered in yellow scales. (AC +2)
You tend to lose your temper in combat.
Your flesh is cold resistant. (rC+)
Your body sometimes deteriorates upon taking damage.
You are dopey. (Int -2)
You are robust. (+10% HP)
Your spells are easier to cast, but less powerful.
You expend magic power (3 MP) to strengthen your wands.


Message History

You hit the slime creature but do no damage.
The acid blob hits you!!
* * * LOW HITPOINT WARNING * * *
You are splashed with acid!
* * * LOW HITPOINT WARNING * * *
The acid blob spits acid at you. The splash of acid hits you.
* * * LOW HITPOINT WARNING * * *
The acid corrodes you!
You are splashed with acid!
* * * LOW HITPOINT WARNING * * *
The slime creature hits you but does no damage.
A slime creature comes into view.
The acid blob spits acid at you. The splash of acid hits you.
* * * LOW HITPOINT WARNING * * *
You are splashed with acid!
* * * LOW HITPOINT WARNING * * *
A slime creature comes into view.
The acid blob hits you!!
You die...

**,,,*,**#............#***
**,**,*##.....JJ..#.#*
***,,,......J.JJ..##
**,,,,...........#
*,,,,,,........#*
**,,,***#......## *,,,**
##.......## **,**
##.JJJ.....# ***
#..@...##.## #.....##***
#...### #...# #...# ##...#
#....###### ##.........#
#..^.#######


You could see 2 acid blobs and 6 slime creatures.

Vanquished Creatures
  Jorgrun (D:15)
  2 azure jellies
  An emperor scorpion (Spider:4)
  3 ghost moths (Spider:4)
  3 entropy weavers
  A minotaur (Gauntlet)
  A spark wasp (Spider:3)
  3 merfolk javelineers
  A death ooze (Slime:1)
  5 merfolk impalers
  An ice dragon (Lair:6)
  3 vault guards (D:14)
  3 hydras
  2 merfolk aquamancers
  2 death knights
  4 merfolk avatars
  A hell hog (Gauntlet)
  5 satyrs
  An ogre mage (D:11)
  4 two-headed ogres
  A death yak (Lair:6)
  The ghost of Kobolds4U the Slicer, a journeyman SpAs of Okawaru (D:12)
  7 sea snakes
  A gelid demonspawn (Orc:2)
  A skeletal warrior (D:15)
  2 unseen horrors
  A wizard (D:11)
  A lindwurm (Lair:6)
  Pikel (D:6)
  5 harpies
  A phantasmal warrior (D:15)
  A necromancer (IceCv)
  5 orc knights
  16 wolf spiders
  4 ugly things
  6 orb spiders
  4 shining eyes
  3 orc sorcerers
  2 cyclopes
  16 fauns
  9 manticores
  2 moths of wrath
  6 merfolk sirens
  2 molten gargoyles (Lair:6)
  An orange demon (Orc:2)
  A smoke demon (Gauntlet)
  4 water nymphs
  4 black mambas
  3 gargoyles
  An ice statue (IceCv)
  2 spiny frogs (Lair:4)
  A minotaur zombie (Gauntlet)
  5 kobold demonologists
  7 demonic crawlers
  A redback zombie (D:14)
  4 komodo dragons
  2 guardian mummies (D:12)
  An efreet (D:15)
  14 freezing wraiths
  2 rime drakes
  A red devil (Gauntlet)
  A queen bee (D:9)
  A wind drake (Shoals:3)
  2 harpy zombies (Shoals:3)
  3 hornets
  14 merfolk
  7 trolls
  A wolf spider simulacrum (IceCv)
  17 jumping spiders
  6 blink frogs
  13 slime creatures
  3 dream sheep
  A meliai zombie (D:13)
  4 snapping turtles
  7 hippogriffs
  4 flying skulls (Gauntlet)
  4 shadows
  16 tarantellas
  42 redbacks
  A spriggan (D:7)
  A vampire (D:11)
  5 wraiths
  4 water elementals
  4 hungry ghosts
  3 wyverns
  2 fire elementals
  5 fire bats
  16 yaks
  6 golden eyes (Slime:1)
  A redback simulacrum (D:14)
  A steam dragon (Lair:6)
  4 basilisks
  A chaos spawn (Orc:2)
  8 soldier ants (Lair:4)
  An acid dragon (D:15)
  6 hell hounds
  4 water moccasins
  13 ice beasts
  2 porcupines
  5 orc warriors
  2 black bears
  2 phantoms
  4 slaves (D:6)
  3 sky beasts
  12 centaurs
  3 eyes of draining
  11 ogres
  7 big kobolds
  11 crocodiles
  16 bullfrogs
  A wyvern skeleton (D:11)
  5 scorpions
  23 killer bees (D:9)
  An elephant simulacrum (IceCv)
  A swamp dragon simulacrum (IceCv)
  10 wights
  4 electric eels (D:9)
  13 howler monkeys
  2 lava snakes (Lair:6)
  8 crimson imps
  Crazy Yiuf (D:3)
  A bullfrog zombie (D:4)
  4 draconian simulacra (IceCv)
  9 hounds
  3 jellies
  5 orc priests
  7 bullfrog skeletons
  11 orc wizards
  6 centaur skeletons
  Jessica (D:3)
  4 iguanas
  29 worker ants
  3 troll simulacra (IceCv)
  2 hell rats (Lair:6)
  A polar bear simulacrum (IceCv)
  2 spriggan simulacra (IceCv)
  2 killer bee zombies
  A centaur simulacrum (IceCv)
  A hound skeleton (D:10)
  3 mummies (Ossuary)
  3 worker ant zombies
  6 gnolls
  A howler monkey skeleton (D:7)
  2 ogre simulacra (IceCv)
  14 adders
  8 naga simulacra (IceCv)
  7 shadow imps
  15 white imps
  An ooze (D:3)
  2 adder skeletons
  An adder zombie (Ossuary)
  5 worms
  2 dart slugs
  6 leopard geckos
  25 orcs
  2 bats
  A bat zombie (Shoals:3)
  5 giant cockroaches
  11 goblins
  9 hobgoblins
  5 jackals
  3 quokkas
  A ball python (D:8)
  9 frilled lizards
  2 goblin zombies (Ossuary)
  7 hobgoblin zombies (Ossuary)
  54 kobolds
  6 kobold skeletons (D:10)
  7 kobold zombies (D:10)
  A leopard gecko zombie (D:5)
  A quokka skeleton (D:8)
  6 quokka zombies
  6 rats
  3 rat zombies (Ossuary)
  4 fungi
  5 plants
  2 tentacles (Shoals:3)
921 creatures vanquished.

Vanquished Creatures (collateral kills)
  Nikola (Spider:1)
  Arachne (Spider:4)
  Asterion (Spider:1)
  2 orc warlords (Spider:4)
  2 krakens
  Gastronok (Lair:3)
  Frances (D:12)
  A fire giant (D:15)
  2 ghost moths
  Aizul (Shoals:1)
  4 emperor scorpions
  3 entropy weavers
  Azrael (D:14)
  A spark wasp (Spider:4)
  8 merfolk impalers
  2 fire dragons
  Erolcha (Orc:2)
  A vault guard (D:14)
  9 hydras
  A merfolk avatar (Shoals:2)
  An alligator snapping turtle (Shoals:3)
  A merfolk aquamancer (Shoals:1)
  A queen ant (Lair:4)
  7 orc high priests (Orc:2)
  A fire crab (Shoals:2)
  2 wizards
  A kraken simulacrum (Shoals:4)
  2 gelid demonspawn (Orc:2)
  7 sea snakes
  A lindwurm (shapeshifter) (D:14)
  9 orb spiders
  2 orc knights
  8 harpies
  3 ugly things
  11 fauns
  2 orc sorcerers (Orc:2)
  17 wolf spiders
  A moth of wrath (Spider:2)
  2 cyclopes
  6 manticores
  4 water nymphs
  3 elephants (Lair:6)
  3 black mambas
  4 merfolk sirens
  A molten gargoyle (Lair:6)
  2 spiny frogs
  A centaur skeleton (D:15)
  2 torpor snails (Lair:6)
  2 rime drakes
  A yaktaur (D:14)
  2 freezing wraiths (D:15)
  5 komodo dragons
  A kobold demonologist (D:14)
  10 demonic crawlers
  A hellwing (Orc:2)
  2 harpy zombies (Shoals:3)
  16 merfolk
  5 trolls
  17 jumping spiders
  4 wind drakes
  2 hornets (Spider:4)
  2 snapping turtles
  13 blink frogs
  7 dream sheep
  7 hippogriffs
  26 tarantellas
  A ynoxinul (Orc:2)
  36 redbacks
  A wyvern (Lair:6)
  A fire bat (Shoals:2)
  5 water elementals
  2 fire elementals (D:14)
  3 basilisks
  A wraith (D:13)
  11 yaks
  A hungry ghost (D:10)
  A redback simulacrum (D:15)
  2 steam dragons
  A warg (Orc:1)
  3 water moccasins
  15 soldier ants (Lair:4)
  2 hell hounds
  2 porcupines
  11 orc warriors
  An ice beast (D:10)
  A black bear (D:13)
  A phantom (D:13)
  4 ogres
  7 centaurs
  2 crocodiles (Lair:3)
  3 big kobolds
  4 bullfrogs
  A wight (D:14)
  An electric eel (D:13)
  2 howler monkeys
  3 lava snakes (Lair:6)
  2 crimson imps
  A jelly (D:15)
  5 orc priests
  An iguana (D:10)
  8 orc wizards
  8 worker ants
  4 hell rats (Lair:6)
  2 shadow imps
  12 orcs
  2 kobolds (D:10)
  2 kobold skeletons (D:10)
  3 kobold zombies (D:10)
  2 bushes (Lair:1)
  47 fungi
  65 plants
565 creatures vanquished.

Vanquished Creatures (others)
  5 orc sorcerers
  3 orc high priests
  2 centaur warriors (D:14)
  12 orc knights
  3 fauns
  18 orc warriors
  A redback (Spider:4)
  A tarantella (Spider:4)
  14 orc priests
  6 orc wizards
  A worker ant (D:11)
  33 orcs
  A fungus (Lair:4)
  14 tentacles
  A withered plant (D:9)
115 creatures vanquished.

Grand Total: 1601 creatures vanquished

Notes
Turn   | Place    | Note
-------+----------+-------------------------------------------
     0 | D:1      | Revguard the Hill Orc Fighter began the quest for the Orb.
     0 | D:1      | Reached XP level 1. HP: 19/19 MP: 1/1
   360 | D:1      | Reached XP level 2. HP: 24/27 MP: 2/2
   866 | D:2      | Found an iron altar of Okawaru.
   972 | D:2      | Gained mutation: You are partially covered in iridescent
                  | scales. (AC +2) [potion of mutation]
   972 | D:2      | Gained mutation: You are weak. (Str -2) [potion of
                  | mutation]
   972 | D:2      | Gained mutation: You are robust. (+10% HP) [potion of
                  | mutation]
  1019 | D:2      | Found a hide-covered altar of Uskayaw.
  1019 | D:2      | Noticed a +0 hand axe
  1019 | D:2      | Noticed a +0 dagger
  1083 | D:2      | Reached skill level 3 in Axes
  1083 | D:2      | Reached XP level 3. HP: 36/36 MP: 3/3
  1326 | D:2      | Found a glowing golden altar of the Shining One.
  1373 | D:2      | Reached XP level 4. HP: 42/44 MP: 4/4
  1406 | D:2      | Found a glowing silver altar of Zin.
  1425 | D:2      | Reached skill level 4 in Axes
  1994 | D:3      | Noticed Jessica
  2011 | D:3      | Killed Jessica
  2011 | D:3      | Reached XP level 5. HP: 33/50 MP: 5/5
  2085 | D:3      | Found an opulent altar of Gozag.
  2475 | D:3      | Reached skill level 5 in Axes
  2542 | D:3      | Found a runed translucent door.
  2543 | D:3      | Noticed Crazy Yiuf
  2548 | D:3      | Killed Crazy Yiuf
  2820 | D:4      | Reached XP level 6. HP: 50/57 MP: 6/6
  2869 | D:4      | Reached skill level 1 in Evocations
  2877 | D:4      | Found a sand-covered staircase.
  2892 | Ossuary  | Entered an ossuary
  3068 | Ossuary  | Lost mutation: You are weak. (Str -2) [potion of mutation]
  3068 | Ossuary  | Lost mutation: You are robust. (+10% HP) [potion of
                  | mutation]
  3068 | Ossuary  | Gained mutation: You are partially covered in yellow
                  | scales. (AC +2) [potion of mutation]
  3068 | Ossuary  | Gained mutation: You are robust. (+10% HP) [potion of
                  | mutation]
  3068 | Ossuary  | Gained mutation: Your flesh is cold resistant. (rC+)
                  | [potion of mutation]
  3068 | Ossuary  | Gained mutation: You expend magic power (3 MP) to
                  | strengthen your wands. [potion of mutation]
  3086 | D:4      | Reached skill level 1 in Dodging
  3133 | D:4      | Reached skill level 6 in Axes
  3133 | D:4      | Reached skill level 5 in Armour
  3257 | D:4      | Reached XP level 7. HP: 54/66 MP: 8/8
  3550 | D:4      | Reached skill level 7 in Axes
  3661 | D:4      | Became a worshipper of Beogh the Brigand
  3911 | D:4      | Reached XP level 8. HP: 68/73 MP: 9/9
  4022 | D:4      | Reached skill level 1 in Invocations
  4065 | D:5      | Entered Level 5 of the Dungeon
  4067 | D:5      | Found Gutwecw's Assorted Antiques.
  4345 | D:5      | Bought a brass ring for 100 gold pieces
  4345 | D:5      | Bought a tubular iron ring for 100 gold pieces
  4419 | D:5      | Reached skill level 5 in Fighting
  4419 | D:5      | Reached skill level 8 in Axes
  4472 | D:5      | Found a staircase to the Ecumenical Temple.
  4482 | D:5      | Found a hazy altar of Hepliaklqana.
  4491 | Temple   | Entered the Ecumenical Temple
  4730 | D:5      | Found a sparkling altar of Nemelex Xobeh.
  4764 | D:5      | Reached * piety under Beogh
  4772 | D:5      | Reached skill level 5 in Shields
  5041 | D:5      | Noticed a hippogriff
  5049 | D:5      | Killed a hippogriff
  5186 | D:5      | Found a snail-covered altar of Cheibriados.
  5664 | D:6      | Noticed Pikel
  5687 | D:6      | Reached XP level 9. HP: 78/81 MP: 11/11
  5726 | D:6      | Reached skill level 9 in Axes
  6042 | D:6      | Found a blossoming altar of Fedhas.
  6100 | D:6      | Killed Pikel
  6101 | D:6      | Reached skill level 10 in Axes
  6263 | D:6      | Found Moranem's Assorted Antiques.
  6444 | D:6      | Reached skill level 5 in Invocations
  6600 | D:6      | Found a white marble altar of Elyvilon.
  6715 | D:7      | Reached ** piety under Beogh
  6913 | D:7      | Found a shattered altar of Ashenzari.
  7061 | D:7      | Found a shattered altar of Ashenzari.
  7203 | D:7      | Reached XP level 10. HP: 91/91 MP: 14/14
  7216 | D:7      | Found Tibuiq's Gadget Emporium.
  7281 | D:7      | Reached skill level 5 in Evocations
  7610 | D:8      | Found Eschilutaf's Assorted Antiques.
  7614 | D:8      | Bought an encrusted pearl ring for 110 gold pieces
  7689 | D:8      | Reached skill level 11 in Axes
  7933 | D:9      | Got a coiled jade ring
  7934 | D:9      | Identified the ring "Asouxih" {+Blink rF- Str+5 Int+2 SInv}
                  | (You found it on level 9 of the Dungeon)
  7967 | D:9      | Reached *** piety under Beogh
  8508 | D:9      | Noticed an unseen horror
  8527 | D:9      | Killed an unseen horror
  8605 | D:9      | Found an ancient bone altar of Kikubaaqudgha.
  8893 | D:9      | Reached skill level 12 in Axes
  8929 | D:9      | Reached **** piety under Beogh
  8929 | D:9      | Reached XP level 11. HP: 72/101 MP: 16/16
  9499 | D:10     | Entered Level 10 of the Dungeon
  9706 | D:10     | Reached ***** piety under Beogh
  9714 | D:10     | Noticed a two-headed ogre
  9725 | D:10     | Killed a two-headed ogre
  9725 | D:10     | Gained Murdo as an ally
  9731 | D:10     | Your ally Murdo died
  9740 | D:10     | Gained Zartorak as an ally
  9747 | D:10     | Gained Koronagh as an ally
  9751 | D:10     | Your ally Zartorak died
  9758 | D:10     | Your ally Koronagh died
  9881 | D:10     | Found Noononko's Distillery.
  9889 | D:10     | Bought a potion of agility for 60 gold pieces
 10132 | D:10     | Found Hirofeant's Jewellery Shop.
 10170 | D:10     | Found an ancient bone altar of Kikubaaqudgha.
 10353 | D:11     | Found a gate leading to a gauntlet.
 10368 | Gauntlet | Entered a Gauntlet
 10368 | Gauntlet | Found a transporter.
 10368 | Gauntlet | Found a transporter.
 10372 | Gauntlet | Found a transporter.
 10372 | Gauntlet | Found a transporter.
 10376 | Gauntlet | Found a transporter.
 10376 | Gauntlet | Found a transporter.
 10412 | Gauntlet | Found a transporter.
 10416 | Gauntlet | Found a transporter.
 10424 | Gauntlet | Found the +2 cloak of the Thief {+Fog Slay-2 SInv Stlth+}
 10428 | Gauntlet | Found a transporter.
 10434 | Gauntlet | Found a runed translucent door.
 10441 | Gauntlet | Found a transporter.
 10442 | Gauntlet | Noticed a hell hog
 10458 | Gauntlet | Found a transporter.
 10462 | Gauntlet | Found a transporter.
 11028 | Gauntlet | Identified a scroll of acquirement
 11035 | Gauntlet | Got a crude battleaxe
 11036 | Gauntlet | Identified the +8 battleaxe "Giant's Doom" {antimagic,
                  | *Slow rElec Int+6} (You acquired it in a Gauntlet)
 11092 | Gauntlet | Reached skill level 13 in Axes
 11104 | Gauntlet | Killed a hell hog
 11104 | Gauntlet | Reached XP level 12. HP: 52/113 MP: 11/19
 11168 | Gauntlet | Got a pair of slimy boots
 11180 | Gauntlet | Identified the +1 pair of boots of the Suburbs {Dex+4} (You
                  | found it in a Gauntlet)
 11448 | Gauntlet | Identified the cursed +0 buckler of the Swamp {*Drain
                  | +Blink rPois rF++}
 11448 | Gauntlet | Noticed a minotaur
 11471 | Gauntlet | Killed a minotaur
 11946 | D:11     | Noticed a death knight
 11947 | D:11     | Paralysed by a hornet for 2 turns
 11978 | D:11     | Killed a death knight
 12005 | D:11     | HP: 3/114 [cyclops (19)]
 12433 | D:11     | Got a pair of dazzling boots
 12435 | D:11     | Noticed a two-headed ogre
 12456 | D:11     | Reached skill level 10 in Invocations
 12474 | D:11     | Identified the +1 pair of boots "Poowahuo" {*Slow +Inv rC+
                  | Dex+3} (You found it on level 11 of the Dungeon)
 12519 | D:11     | Noticed a two-headed ogre
 12532 | D:11     | Killed a two-headed ogre
 12547 | D:11     | Killed a two-headed ogre
 12574 | D:11     | Noticed a soul eater
 12747 | D:11     | Noticed an ogre mage
 12833 | D:11     | Killed an ogre mage
 12833 | D:11     | Reached skill level 14 in Axes
 12873 | D:11     | Got an ancient scale mail
 12885 | D:11     | Identified the cursed +0 scale mail of Wevvin {rPois MR+
                  | Str-2} (You found it on level 11 of the Dungeon)
 12967 | D:11     | Found a staircase to the Lair.
 13314 | D:12     | Found a runed translucent gate.
 13314 | D:12     | Found a runed translucent gate.
 13314 | D:12     | Found a runed translucent gate.
 13314 | D:12     | Noticed Kobolds4U's ghost (journeyman SpAs)
 13353 | D:12     | Reached XP level 13. HP: 93/124 MP: 20/20
 13426 | D:12     | Killed Kobolds4U's ghost
 13426 | D:12     | Reached skill level 10 in Fighting
 13630 | D:12     | Got a brightly glowing chain mail
 13644 | D:12     | Identified the cursed +1 chain mail "Sahisu" {+Fly Int+7}
                  | (You found it on level 12 of the Dungeon)
 13745 | D:12     | Found a staircase to the Orcish Mines.
 13750 | D:12     | Noticed Frances
 13761 | D:12     | Killed Frances
 13918 | D:12     | Found a portal to a secret trove of treasure.
 14504 | D:13     | Gained Grimold as an ally
 15459 | D:14     | Found a shadowy altar of Dithmenos.
 15468 | D:14     | Reached skill level 10 in Shields
 15694 | D:14     | Reached skill level 15 in Axes
 15758 | D:14     | Found Xusapeqi's Antique Weapon Shop.
 15816 | D:14     | Reached skill level 10 in Armour
 15858 | D:14     | Reached ****** piety under Beogh
 15936 | D:14     | Your ally Grimold died
 15943 | D:14     | Gained Berold as an ally
 16172 | D:14     | Reached XP level 14. HP: 126/133 MP: 22/22
 16352 | D:14     | Reached skill level 10 in Evocations
 16370 | D:14     | Found a gate to the Vaults.
 16486 | D:14     | Noticed Azrael
 16494 | D:14     | Killed Azrael
 16496 | D:14     | Gained Bolgrim as an ally
 16593 | D:15     | Entered Level 15 of the Dungeon
 16594 | D:15     | Found a staircase to the Depths.
 16594 | D:15     | Noticed a fire giant
 16601 | D:15     | Killed a fire giant
 16626 | D:15     | HP: 2/135 [fire dragon/blast of flame (43)]
 16645 | D:15     | Your ally Berold died
 16652 | D:15     | Your ally Bolgrim died
 17008 | D:15     | Reached skill level 16 in Axes
 17064 | D:15     | Found a frozen archway.
 17080 | IceCv    | Entered an ice cave
 17298 | IceCv    | Found an ancient bone altar of Kikubaaqudgha.
 17565 | IceCv    | Gained Grimold as an ally
 17996 | D:15     | Your ally Grimold died
 18006 | D:15     | Noticed Jorgrun
 18018 | D:15     | Gained Harm as an ally
 18021 | D:15     | Your ally Bolgrim died
 18024 | D:15     | Killed Jorgrun
 18488 | Orc:1    | Entered Level 1 of the Orcish Mines
 18915 | Orc:2    | Entered Level 2 of the Orcish Mines
 18915 | Orc:2    | Found a staircase to the Elven Halls.
 18998 | Orc:2    | Found Setajat's Distillery.
 19000 | Orc:2    | Found Negoq's Distillery.
 19058 | Orc:2    | Gained Orkwin as an ally
 19177 | Orc:2    | Reached XP level 15. HP: 143/143 MP: 19/24
 19230 | Orc:2    | HP: 4/145 [orc sorcerer/bolt of negative energy (24)]
 19326 | Orc:2    | Paralysed by an orc sorcerer for 4 turns
 19344 | Orc:2    | Found Ewka's Antique Weapon Shop.
 19344 | Orc:2    | Found a one-way gate leading to the halls of Pandemonium.
 19344 | Orc:2    | Found Quopruneshu's Gadget Boutique.
 19355 | Orc:2    | Bought a wand of disintegration (15) for 304 gold pieces
 19355 | Orc:2    | Bought a wand of disintegration (10) for 224 gold pieces
 19355 | Orc:2    | Bought a wand of disintegration (21) for 400 gold pieces
 19651 | Orc:2    | Noticed Erolcha
 19655 | Orc:2    | Killed Erolcha
 19992 | Lair:1   | Entered Level 1 of the Lair of Beasts
 20555 | Lair:1   | Found an opulent altar of Gozag.
 21104 | Lair:2   | Found a hole to the Spider Nest.
 21962 | Lair:3   | Noticed Gastronok
 21977 | Lair:3   | Killed Gastronok
 21977 | Lair:3   | Reached skill level 17 in Axes
 22242 | Lair:4   | You fall through a shaft for 2 floors!
 22242 | Lair:6   | Entered Level 6 of the Lair of Beasts
 22296 | Lair:6   | Gained Boruk as an ally
 22406 | Lair:6   | Found a large runed translucent door.
 22469 | Lair:6   | Gained Brunolf as an ally
 22480 | Lair:6   | Found a large runed translucent door.
 22846 | Lair:6   | Gained Bladwarg as an ally
 23008 | Lair:6   | Gained Rocco as an ally
 23572 | Lair:5   | Found a viscous altar of Jiyva.
 23572 | Lair:5   | Found a staircase to the Slime Pits.
 23929 | Lair:5   | Got a smoking plate armour
 23930 | Lair:5   | Identified the +4 plate armour of Absence {rPois MR++
                  | Regen+ Dex-4} (You found it on level 5 of the Lair of
                  | Beasts)
 24262 | Lair:4   | Reached XP level 16. HP: 155/155 MP: 26/26
 24272 | Lair:4   | Your ally Bolgrim died
 24320 | Lair:4   | Your ally Brunolf died
 24499 | Lair:4   | Found a staircase to the Shoals.
 24967 | Shoals:1 | Entered Level 1 of the Shoals
 25070 | Shoals:1 | Noticed Aizul
 25081 | Shoals:1 | Killed Aizul
 25296 | Shoals:1 | Your ally Orkwin died
 25301 | Shoals:1 | Your ally Rocco died
 26998 | Shoals:3 | Reached skill level 15 in Invocations
 27035 | Shoals:3 | Reached XP level 17. HP: 137/165 MP: 24/28
 27666 | Shoals:3 | Noticed a kraken
 27677 | Shoals:3 | Killed a kraken
 27850 | Shoals:4 | Entered Level 4 of the Shoals
 27874 | Shoals:4 | Reached skill level 18 in Axes
 27886 | Shoals:4 | Your ally Bladwarg died
 27892 | Shoals:4 | Your ally Harm died
 27914 | Shoals:4 | Got a barnacled rune of Zot
 28162 | Shoals:4 | Noticed a kraken
 28172 | Shoals:4 | Killed a kraken
 28248 | Shoals:4 | Reached skill level 15 in Shields
 28534 | Shoals:4 | Got a transparent golden ring
 28535 | Shoals:4 | Identified the ring of Zikhliakk {*Slow rN+++ MR+ Int-5
                  | Stlth+} (You found it on level 4 of the Shoals)
 28620 | Shoals:4 | Found Foesyiv's Jewellery Shoppe.
 28628 | Shoals:4 | Bought the amulet "Cyle" {rC+ Regen+ Dex+7} for 763 gold
                  | pieces
 28798 | Shoals:4 | Got a polished scimitar
 29011 | Spider:1 | Entered Level 1 of the Spider Nest
 29031 | Spider:1 | Your ally Rocco died
 29162 | Spider:1 | Noticed Nikola
 29181 | Spider:1 | Killed Nikola
 29447 | Spider:1 | Noticed Asterion
 29460 | Spider:1 | Killed Asterion
 29641 | Spider:1 | Reached XP level 18. HP: 176/176 MP: 30/30
 31086 | Spider:3 | Identified the +6 scimitar of Ash {flame, +Blink Str+8
                  | Int-4 Stlth-} (You found it on level 4 of the Shoals)
 31409 | Spider:4 | Entered Level 4 of the Spider Nest
 31415 | Spider:4 | Gained Boldo as an ally
 31419 | Spider:4 | Your ally Boruk died
 31422 | Spider:4 | Gained Olfrun as an ally
 31477 | Spider:4 | Your ally Olfrun died
 31544 | Spider:4 | Your ally Boldo died
 31574 | Spider:4 | Noticed Arachne
 31587 | Spider:4 | Was placed under penance by Beogh
 31601 | Spider:4 | Killed Arachne
 31740 | Spider:4 | Your ally Bladwarg died
 31891 | Spider:4 | Got a gossamer rune of Zot
 31975 | Spider:4 | Was forgiven by Beogh
 32172 | Spider:4 | Gained Bogfrid as an ally
 32504 | Slime:1  | Entered Level 1 of the Pits of Slime
 32507 | Slime:1  | Gained mutation: You tend to lose your temper in combat. [a
                  | shining eye]
 32554 | Slime:1  | Gained mutation: Your spells are a little easier to cast,
                  | but a little less powerful. [a shining eye]
 32558 | Slime:1  | Gained mutation: You are dopey. (Int -2) [a shining eye]
 33314 | Slime:2  | Gained mutation: Your body sometimes deteriorates upon
                  | taking damage. [a shining eye]
 33319 | Slime:2  | Gained mutation: Your spells are easier to cast, but less
                  | powerful. [a shining eye]
 33334 | Slime:2  | HP: 7/178 [acid (13)]
 33334 | Slime:2  | Demolished by an acid blob

Skill      XL: |  1  2  3  4  5  6  7  8  9 10 11 12 13 14 15 16 17 18 |
---------------+-------------------------------------------------------+-----
Axes           | 3 4 5 6 7 8 10 12 13 14 15 16 17 18 | 18.8
Armour         | 4 5 6 7 8 9 10 11 12 13 | 13.0
Fighting       | 4 5 6 7 8 9 10 11 12 13 14 | 14.9
Shields        | 4 5 6 7 8 9 10 11 13 14 15 16 | 16.3
Evocations     | 1 2 3 4 6 7 8 9 10 11 12 13 | 13.8
Dodging        | 1 2 3 |  3.4
Invocations    | 3 5 7 9 10 11 13 14 15 16 17 | 17.0

Action                   |  1- 3 |  4- 6 |  7- 9 | 10-12 | 13-15 | 16-18 || total
-------------------------+-------+-------+-------+-------+-------+-------++-------
Melee: War axe           |    94 |   263 |   504 |   691 |   368 |  1186 ||  3106
       Broad axe         |       |       |       |   163 |   694 |       ||   857
Invok: Convert to Beogh  |       |       |     1 |       |       |       ||     1
       Smiting           |       |       |       |     7 |     9 |       ||    16
       Give Item to Name |       |       |       |       |    10 |     3 ||    13
       Recall Orcish Fol |       |       |       |       |    16 |    10 ||    26
       Resurrection      |       |       |       |       |     2 |     4 ||     6
 Abil: Evoke Blink       |       |       |       |     1 |       |     1 ||     2
Evoke: Wand              |       |       |     3 |    32 |    21 |    42 ||    98
  Use: Potion            |     3 |     2 |     7 |     7 |     3 |     4 ||    26
       Scroll            |     2 |     3 |    11 |    14 |    18 |     8 ||    56
 Stab: Distracted        |       |       |       |     1 |     8 |    12 ||    21
       Paralysed         |       |       |       |       |     2 |     2 ||     4
  Eat: Chunk             |     2 |     6 |     6 |    13 |    27 |    24 ||    78
       Ration            |       |       |     5 |     4 |     4 |     2 ||    15
Armor: Scale mail        |    15 |       |       |       |       |       ||    15
       Chain mail        |    45 |   123 |   377 |   242 |       |       ||   787
       Skin              |       |     1 |       |    22 |       |       ||    23
       Plate armour      |       |       |       |   213 |   512 |   913 ||  1638
Dodge: Dodged            |    15 |    60 |   113 |   202 |   219 |   461 ||  1070
Block: Shield            |    47 |   131 |   274 |   510 |   943 |  1277 ||  3182
       Reflection        |       |       |       |       |    44 |    76 ||   120
